 Dungeon Crawl Stone Soup version 0.31.0-11-ge490571c62 (webtiles) character file.

Game seed: 12182504616195459216

1261 browni3141 the Trooper (level 8, -1/64 HPs)
             Began as a Barachi Monk on Feb 2, 2024.
             Was a Priest of Kikubaaqudgha.
             Slain by a killer bee (6 damage)
             ... on level 5 of the Dungeon.
             The game lasted 00:09:37 (1201 turns).

browni3141 the Trooper (Barachi Monk)               Turns: 1201, Time: 00:09:37

Health: -1/64      AC: 12    Str: 13    XL:     8   Next: 52%
Magic:  11/12      EV: 14    Int: 12    God:    Kikubaaqudgha [***...]
Gold:   144        SH:  0    Dex: 13    Spells: 10/13 levels left

rFire   + . .        a - +0 falchion (vamp)
rCold   . . .        d - orb {light}
rNeg    . . .        b - +0 robe
rPois   .            (no helmet)
rElec   .            (no cloak)
rCorr   .            (no gloves)
SInv    .            (no boots)
Will    .....        B - amulet of regeneration
Stlth   +            h - +4 ring of protection
HPRegen 1.10/turn    q - +4 ring of protection
MPRegen 0.13/turn

%: no passive effects
@: confused, lethally poisoned (-1 -> -3), ambrosia-drunk, glowing, slow
A: amphibious, slowness 1, strong legs 1, +LOS, iridescent scales 1, clumsy 1,
fire resistance 1, wild magic 1
a: Hop, Renounce Religion, Unearth Wretches


You were on level 5 of the Dungeon.
You worshipped Kikubaaqudgha.
Kikubaaqudgha was most pleased with you.
You visited 2 branches of the dungeon, and saw 7 of its levels.
You also visited: Ossuary.

You collected 144 gold pieces.

Inventory:

Hand Weapons
 a - a +0 vampiric falchion (weapon)
 y - a +0 long sword
Armour
 b - a +0 robe (worn)
 d - an orb of light (worn)
Magical Staves
 t - a staff of alchemy
Jewellery
 h - a +4 ring of protection (left hand)
 o - an amulet of faith
 q - a +4 ring of protection (right hand)
 B - an amulet of regeneration (around neck)
Scrolls
 n - a scroll of poison
 w - 2 scrolls of fear
 z - a scroll of enchant armour {unknown}
Potions
 f - a potion of magic
 i - 2 potions of haste {unknown}
 m - a potion of heal wounds {unknown}
 p - 2 potions of mutation
 u - 3 potions of curing {unknown}
 v - a potion of brilliance {unknown}
 x - a potion of lignification {unknown}
 A - a potion of degeneration {unknown}
 C - a potion of might {unknown}


   Skills:
 - Level 6.0 Fighting
 - Level 5.9 Long Blades
 - Level 5.4 Dodging
 - Level 3.0 Spellcasting
 * Level 5.8 Necromancy


You had 10 spell levels left.
You knew the following spells:

 Your Spells              Type           Power      Damage    Failure   Level
a - Vampiric Draining     Necr           20%        2d7       11%         3

Your spell library contained the following spells:

 Spells                   Type           Power      Damage    Failure   Level
 Necrotise                Necr           80%        1d8       4%          1
 Cigotuvi's Dreadful Rot  Necr/Alch/Air  16%        N/A       24%         2
 Animate Dead             Necr           20%        N/A       30%         4
 Curse of Agony           Necr           20%        N/A       63%         5
 Martyr's Knell           Necr/Summ      11%        N/A       67%         4
 Borgnjor's Vile Clutch   Necr/Erth      5%         N/A       95%         5
 Death Channel            Necr           10%        N/A       99%         6


Dungeon Overview and Level Annotations

Branches:
Dungeon (6/15)             Temple (1/1) D:6         Ossuary (visited)

Altars:
Ashenzari
Cheibriados
Elyvilon
Fedhas
Gozag
Hepliaklqana
Kikubaaqudgha
Makhleb
Nemelex Xobeh
Okawaru
Qazlal
Ru
Sif Muna
Trog
Uskayaw
Vehumet
Wu Jian
Xom
Yredelemnul
The Shining One


Innate Abilities, Weirdness & Mutations

You are amphibious.
You cover ground slowly.
You can hop short distances.
You have an extended range of vision and can be seen from far away.
You are partially covered in iridescent scales. (AC +2)
You are clumsy. (Dex -2)
Your flesh is heat resistant. (rF+)
Your spells are a little harder to cast, but a little more powerful.


Message History

Confirm with . or Enter, or press ? or * to list all spells.
Aiming: Vampiric Draining (dangerous; 9% risk of failure)
Press: ? - help, Shift-Dir - straight line, f/p - killer bee
Aim: a killer bee (severely wounded, haloed)
You draw life force from the killer bee!
You kill the killer bee!
Kikubaaqudgha accepts your kill.
You feel life coursing into your body.
You feel very sick. The killer bee closely misses you.
You slash the killer bee!
You feel better.
The killer bee is heavily wounded.
You feel very sick. The killer bee barely misses you.
The killer bee stings you but does no damage. x3
You hit the killer bee.
You feel better.
The killer bee is severely wounded.
You feel sick.
The killer bee stings you but does no damage.
The killer bee misses you. The killer bee barely misses you. x2
You hit the killer bee.
You feel better.
The killer bee is almost dead.
You feel sick. The killer bee stings you.
You are more poisoned.
The killer bee poisons you!
The killer bee stings you but does no damage. x2
The killer bee barely misses you.
You barely miss the killer bee.
The killer bee is almost dead.
You feel very sick. The killer bee misses you.
The killer bee closely misses you. The killer bee stings you.
The killer bee barely misses you.
You closely miss the killer bee.
The killer bee is almost dead.
You feel very sick. The killer bee barely misses you.
The killer bee stings you but does no damage. x2
The killer bee barely misses you.
You hit the killer bee.
You kill the killer bee!
Kikubaaqudgha accepts your kill.
You feel very sick. The killer bee barely misses you. x2
You slash the killer bee!
The killer bee is heavily wounded.
You feel sick. The killer bee misses you.
You hit the killer bee.
The killer bee is severely wounded.
You feel sick. The killer bee stings you.
You are more poisoned.
The killer bee poisons you! The killer bee closely misses you. x2
The killer bee stings you but does no damage.
You barely miss the killer bee.
The killer bee is severely wounded.
You feel very sick. The killer bee misses you.
The killer bee stings you but does no damage.
The killer bee barely misses you. The killer bee stings you.
You hit the killer bee.
The killer bee is severely wounded.
You feel sick.
The killer bee stings you but does no damage.
The killer bee barely misses you. The killer bee stings you.
You are more poisoned.
The killer bee poisons you! The killer bee misses you.
You hit the killer bee.
The killer bee is almost dead.
You feel very sick. The killer bee closely misses you.
The killer bee stings you.
The killer bee stings you but does no damage.
The killer bee barely misses you.
You barely miss the killer bee.
The killer bee is almost dead.
You feel sick.
The killer bee stings you but does no damage. x2
The killer bee stings you.
You are more poisoned.
The killer bee poisons you!
The killer bee stings you but does no damage.
You hit the killer bee.
You kill the killer bee!
Kikubaaqudgha accepts your kill.
You feel very sick.
The killer bee stings you but does no damage.
The killer bee stings you.
Unknown command.
It was a potion of mutation.
You feel extremely strange.
You feel resistant to heat.
You feel less in control of your magic.
You feel clumsy.
Iridescent scales grow over part of your body.
You feel very sick. The killer bee closely misses you.
The killer bee stings you.
You are confused.
You feel invigorated.
You feel very sick.
The killer bee stings you but does no damage.
The killer bee stings you.
You bump into the rock wall.
You feel sick. The killer bee stings you.
You die...
Kikubaaqudgha rasps: "You have failed me!
Welcome... death!"

.............# +......f..+
..........##.##### #.........#
..........##+#..[#+# #...........
####...#####.......#####.......##
.....#+#.#...........# #+#...#'#
######...##.........## .#####...
..# ......+.........+ ....# (...
#.##......##.......## ....#.....
#..#.......#...†@..# .....#.....
#..'.......####y#### .....+.....
#.##.......#.....y.# ......#.....
#.# ......##...†...##......#.....
#.# ......+........h'......#.....
#.# ##...##.........##.
#.####+#.#...........#
.......#####.......### ........#
#+#...#+#


You could see a killer bee.

Vanquished Creatures
  A sky beast (D:6)
  2 black bears
  A weeping skull (Ossuary)
  2 scorpions (D:5)
  6 water moccasin zombies (Ossuary)
  4 killer bees (D:5)
  A bombardier beetle (D:5)
  2 spectral scorpions (Ossuary)
  An iguana (D:5)
  A sleepcap (D:6)
  2 mummies (Ossuary)
  7 adders
  6 adder zombies (Ossuary)
  A dart slug (D:2)
  A ribbon worm (D:3)
  2 endoplasms
  12 gnoll zombies (Ossuary)
  A goblin (D:3)
  2 hobgoblins (D:3)
  A quokka (D:3)
  5 ball pythons (D:3)
  2 bats (D:3)
  A jackal zombie (Ossuary)
  A kobold (D:2)
  2 orc zombies (Ossuary)
  2 quokka zombies (D:6)
  2 rats (D:3)
71 creatures vanquished.

Notes
Turn   | Place    | Note
-------+----------+-------------------------------------------
     0 | D:1      | browni3141 the Barachi Monk began the quest for the Orb.
     0 | D:1      | Reached XP level 1. HP: 18/18 MP: 1/1
    42 | D:3      | Reached XP level 2. HP: 11/25 MP: 2/2
    66 | D:3      | Reached skill level 4 in Fighting
    82 | D:3      | Reached XP level 3. HP: 9/30 MP: 3/3
   336 | D:3      | Reached XP level 4. HP: 32/38 MP: 4/4
   356 | D:4      | Noticed a black bear
   373 | D:4      | Killed a black bear
   374 | D:4      | Reached skill level 5 in Fighting
   374 | D:4      | Reached skill level 5 in Long Blades
   374 | D:4      | Reached XP level 5. HP: 10/44 MP: 5/5
   378 | D:5      | Entered Level 5 of the Dungeon
   534 | D:5      | Reached skill level 5 in Dodging
   534 | D:5      | Reached XP level 6. HP: 11/51 MP: 6/6
   555 | D:6      | Noticed a sky beast
   561 | D:6      | Killed a sky beast
   562 | D:6      | Reached skill level 6 in Fighting
   678 | D:6      | Found a staircase to the Ecumenical Temple.
   680 | Temple   | Entered the Ecumenical Temple
   688 | Temple   | Became a worshipper of Kikubaaqudgha
   688 | Temple   | Reached * piety under Kikubaaqudgha
   688 | Temple   | Received a gift from Kikubaaqudgha
   688 | Temple   | Reached ** piety under Kikubaaqudgha
   693 | Temple   | Learned a level 3 spell: Vampiric Draining
   743 | D:6      | Found a sand-covered staircase.
   750 | Ossuary  | Entered an ossuary
   775 | Ossuary  | Reached skill level 1 in Spellcasting
   775 | Ossuary  | Reached skill level 1 in Necromancy
   775 | Ossuary  | Reached XP level 7. HP: 52/58 MP: 6/9
  1020 | Ossuary  | Reached XP level 8. HP: 56/64 MP: 12/12
  1181 | D:5      | Reached *** piety under Kikubaaqudgha
  1181 | D:5      | Received a gift from Kikubaaqudgha
  1182 | D:5      | Reached skill level 5 in Necromancy
  1199 | D:5      | Gained mutation: Your flesh is heat resistant. (rF+)
                  | [potion of mutation]
  1199 | D:5      | Gained mutation: Your spells are a little harder to cast,
                  | but a little more powerful. [potion of mutation]
  1199 | D:5      | Gained mutation: You are clumsy. (Dex -2) [potion of
                  | mutation]
  1199 | D:5      | Gained mutation: You are partially covered in iridescent
                  | scales. (AC +2) [potion of mutation]
  1199 | D:5      | HP: 1/64 [killer bee (6)]
  1201 | D:5      | Slain by a killer bee

Illustrated notes

Levels and vault maps discovered:
D:1:      minmay_arrival_four_loops, layout_loops_corners,
          shapermc_ecumenical_altar_mp_vishouse
D:2:      layout_rooms, minmay_3d_cube
D:3:      layout_basic
D:4:      layout_loops_ring, gammafunk_temple_overflow_pools,
          kennysheep_generic_room_10, uniq_grinder, uniq_menkaure
D:5:      nicolae_cairo_tiling_very_big, layout_basic, hangedman_decor_slide_cut
D:6:      layout_basic, lemuel_temple_firewalk_b, enter_ossuary_4
Temple:   nicolae_temple_bog_church

Skill      XL: |  1  2  3  4  5  6  7  8 |
---------------+-------------------------+-----
Fighting       | 4 5 6 |  6.0
Long Blades    | 4 5 |  5.9
Dodging        | 4 5 |  5.4
Spellcasting   | 1 3 |  3.0
Necromancy     | 1 3 5 |  5.8

Action                     |  1- 3 |  4- 6 |  7- 9 || total
---------------------------+-------+-------+-------++-------
  Melee: Falchion          |    73 |    50 |   258 ||   381
         Staff             |       |    24 |       ||    24
   Cast: Vampiric Draining |       |       |     4 ||     4
Ability: Hop               |     3 |     3 |     1 ||     7
  Evoke: Wand              |       |     5 |       ||     5
    Use: Potion            |     1 |       |     2 ||     3
         Scroll            |       |     7 |     1 ||     8
 Armour: Robe              |    50 |    54 |   147 ||   251
  Dodge: Dodged            |    64 |    59 |   172 ||   295
